cohdb
Replays
Latest Replays
All Replays
Popular Replays
Top Player Replays
Match Explorer
How It Works
Community
CoH3 Stats
Reddit
Sign in to upload your games and track your stats! →
Sign in with Steam
Match 20270367
Unlisted
Match 20270367
Overview
Messages
Build Orders
End
Royal Engineer Section
Construct Section Command Post
Vickers Machine Gun Team
Infantry Section
Dingo Light Scout Car
Infantry Section
Construct Platoon Command Post
CMP 15cwt Truck
Humber Armored Car
Selects Indian Artillery Battlegroup
Selects Valour
Infantry Training
Selects Towed ML 4.2-inch Heavy Mortar
Towed ML 4.2-inch Heavy Mortar
6-pounder Anti-tank Gun Team
Construct Company Command Post
6-pounder Anti-tank Gun Team
Matilda II Heavy Tank
Foot Guards Section
Matilda II Heavy Tank
Selects Off-map Airburst Barrage
Selects Gurkha Rifles Section
Selects Volunteer Infantry
Armored Vehicle Training
Off-map Airburst Barrage
Off-map Airburst Barrage
SneaKerz
gb_gbg
:FF: 赤い霧三二 一
SyNaNWa17
0
0
Comments
sign in to comment!
No comments posted yet!